 Dungeon Crawl Stone Soup version 0.31-a0-489-g282fc92437 (webtiles) character file.

Game seed: 16432338785463344102

334 Ethylacetat the Sneak (level 6, -4/43 HPs)
             Began as an Octopode Brigand on Aug 8, 2023.
             Slain by a phantom (7 damage)
             ... on level 4 of the Dungeon.
             The game lasted 00:03:42 (1930 turns).

Ethylacetat the Sneak (Octopode Brigand)            Turns: 1930, Time: 00:03:43

Health: -4/43      AC:  1    Str: 10    XL:     6   Next: 53%
Magic:  6/6        EV: 14    Int: 13    God:
Gold:   141        SH:  0    Dex: 16    Spells: 5/5 levels left

rFire   . . .        a - +2 dagger
rCold   . . .        (no shield)
rNeg    . . .        (helmet restricted)
rPois   .            (no amulet)
rElec   .            (no ring)
rCorr   .            (no ring)
SInv    .            (no ring)
Will    .....        (no ring)
Stlth   ++++         (no ring)
HPRegen 0.27/turn    (no ring)
MPRegen 0.10/turn    (no ring)
                     (no ring)

%: no passive effects
@: no status effects
A: almost no armour, amphibious, 8 rings, camouflage 1, gelatinous body 1,
(nimble swimmer 1), tentacles
a: no special abilities


You were on level 4 of the Dungeon.
You visited 1 branch of the dungeon, and saw 4 of its levels.

You collected 141 gold pieces.

Inventory:

Hand Weapons
 a - a +2 dagger (weapon)
 d - a +0 sling
Missiles
 b - 17 poisoned darts (quivered)
 c - 3 curare-tipped darts
 h - 6 atropa-tipped darts
Jewellery
 n - a ring of resist corrosion
Wands
 g - a wand of paralysis (8)
 j - a wand of digging (3)
Scrolls
 e - a scroll of teleportation {unknown}
 f - a scroll of brand weapon {unknown}
 i - a scroll of butterflies {unknown}
 m - a scroll of fear {unknown}
 o - a scroll of identify {unknown}
Potions
 k - 2 potions of heal wounds
 l - a potion of lignification {unknown}


   Skills:
 + Level 4.3 Fighting
 - Level 2.0 Short Blades
 + Level 3.1 Ranged Weapons
 - Level 2.0 Throwing
 + Level 3.8 Dodging
 - Level 5.3 Stealth


You had 5 spell levels left.
You didn't know any spells.
Your spell library contained the following spells:

 Spells                   Type           Power      Damage    Failure   Level
 Sandblast                Erth           0%         2d4       30%         1
 Summon Small Mammal      Summ           0%         N/A       30%         1
 Passwall                 Tmut/Erth      0%         N/A       43%         2
 Call Canine Familiar     Summ           0%         N/A       67%         3
 Portal Projectile        Hex/Tloc       0%         N/A       67%         3
 Stone Arrow              Conj/Erth      0%         3d7       67%         3
 Summon Guardian Golem    Hex/Summ       0%         N/A       67%         3
 Tukima's Dance           Hex            0%         N/A       67%         3
 Cause Fear               Hex            0%         N/A       97%         4
 Iskenderun's Mystic Bla  Conj/Tloc      0%         2d3       97%         4
 Fireball                 Conj/Fire      0%         3d3       100%        5
 Dragon's Call            Summ           0%         N/A       100%        9


Dungeon Overview and Level Annotations

Branches:
Dungeon (4/15)
 Temple: D:4-7

Altars:
Elyvilon
Ru


Innate Abilities, Weirdness & Mutations

You cannot wear most types of armour.
You are amphibious.
You can wear up to eight rings at the same time.
Your skin changes colour to match your surroundings (Stealth+).
Your rubbery body absorbs attacks. (AC +1, EV +1)
((You are camouflaged when in or above water. (Stealth+)))
You have tentacles for arms and can constrict up to eight enemies at once.


Message History

You are too injured to fight recklessly!
You are too injured to fight recklessly!
You are too injured to fight recklessly!
You hit the orc. You grab the orc.
The orc is heavily wounded.
You constrict the orc. The orc completely misses you.
The phantom completely misses you.
You hit the orc.
You kill the orc!
The phantom closely misses you.
You miss the phantom. Your squeeze misses the phantom.
The phantom is heavily damaged.
You closely miss the phantom.
The phantom is heavily damaged.
The phantom closely misses you.
You barely miss the phantom. Your squeeze misses the phantom.
The phantom is heavily damaged.
The phantom hits you!
The phantom blinks!
You blink.
You are too injured to fight recklessly!
You are too injured to fight recklessly!
You are too injured to fight recklessly!
You are too injured to fight recklessly!
You hit the phantom but do no damage. You squeeze the phantom.
The phantom is severely damaged.
The phantom closely misses you.
You hit the phantom but do no damage.
The phantom is severely damaged.
The phantom hits you.
* * * LOW HITPOINT WARNING * * *
You hit the phantom.
The phantom is almost destroyed.
The phantom closely misses you.
You hit the phantom but do no damage.
The phantom is almost destroyed.
The phantom hits you!
* * * LOW HITPOINT WARNING * * *
You miss the phantom.
The phantom is almost destroyed.
The phantom hits you!
You die...

.........
#.#.#..#
#.#.#..###+#.
#.#..........
#..)#.#......
#...#'#.....#
#..)).......
...#+##W...##..
........@..##.W.
#+#....#<.......
#....#........
#....#........
....#####......
..... ......
..... ......
.... ......
.....


You could see a phantom.

Vanquished Creatures
  Sigmund (D:3)
  A scorpion (D:3)
  4 adders (D:2)
  A worm (D:3)
  5 dart slugs
  4 orcs (D:4)
  4 ball pythons
  6 bats
  4 endoplasms
  2 giant cockroaches
  4 goblins
  7 hobgoblins
  3 jackals
  5 quokkas
  3 frilled lizards
  5 kobolds
  10 rats
69 creatures vanquished.

Notes
Turn   | Place    | Note
-------+----------+-------------------------------------------
     0 | D:1      | Ethylacetat the Octopode Brigand began the quest for the
                  | Orb.
     0 | D:1      | Reached XP level 1. HP: 14/14 MP: 1/1
    60 | D:1      | Reached XP level 2. HP: 17/20 MP: 2/2
   181 | D:1      | Found a faded altar of an unknown god.
   349 | D:1      | Reached XP level 3. HP: 24/25 MP: 3/3
   419 | D:1      | You fall into a shaft and drop 1 floor!
   628 | D:2      | Reached skill level 1 in Ranged Weapons
   632 | D:2      | Reached XP level 4. HP: 3/31 MP: 4/4
  1204 | D:3      | Noticed Sigmund
  1206 | D:3      | Noticed a scorpion
  1218 | D:3      | Killed Sigmund
  1219 | D:3      | Reached XP level 5. HP: 18/37 MP: 5/5
  1219 | D:3      | Reached XP level 6. HP: 21/43 MP: 6/6
  1385 | D:3      | Found a white marble altar of Elyvilon.
  1570 | D:3      | Found a sacrificial altar of Ru.
  1930 | D:4      | Slain by a phantom

Illustrated notes

Levels and vault maps discovered:
D:1:      dpeg_arrival_simpleton_b, layout_loops_cross,
          chequers_ecumenical_altar_twisty
D:2:      layout_rooms, patterned_corridor
D:3:      layout_basic, mainiacjoe_overflow_boulevard,
          nicolae_elyvilon_peaceful_grove, kennysheep_cross_room,
          minmay_quadrilaterals, uniq_sigmund
D:4:      layout_basic, temple_statues, serial_shops, shop,
          minmay_misc_feat_square, wad_floor_pattern_2, st_stairs_7

Skill      XL: |  1  2  3  4  5  6 |
---------------+-------------------+-----
Dodging        | 2 3 |  3.8
Fighting       | 3 4 |  4.3
Ranged Weapons | 1 2 3 |  3.1
Short Blades   | |  2.0
Throwing       | |  2.0
Stealth        | |  5.3

Action                     |  1- 3 |  4- 6 || total
---------------------------+-------+-------++-------
  Melee: Dagger            |    12 |    67 ||    79
         Constrict         |     6 |    15 ||    21
         Tentacles         |     2 |    18 ||    20
         Punch             |       |     2 ||     2
   Fire: Sling             |   105 |    39 ||   144
    Use: Potion            |       |     7 ||     7
   Stab: Invisible         |       |     2 ||     2
         Sleeping          |       |     5 ||     5
 Armour: Skin              |    15 |     5 ||    20
  Dodge: Dodged            |    48 |    74 ||   122

Table legend: (Time is in decaauts)
 A = Elapsed time spent in this place.
 B = Non-inter-level travel time spent in this place.
 C = Inter-level travel time spent in this place.
 D = Time resting spent in this place.
 E = Time spent auto-exploring this place.
 F = Levels seen in this place.
 G = Mean time per level.
                   A        B        C        D        E       F      G
               +--------+--------+--------+--------+--------+-----+--------+
         Total |   1970 |   1924 |     46 |     39 |   1443 |   4 |  492.5 |
       Dungeon |   1970 |   1924 |     46 |     39 |   1443 |   4 |  492.5 |
               +--------+--------+--------+--------+--------+-----+--------+

Top non-repeatable levels by time:
     D:3: 781 daAuts
     D:2: 716 daAuts
     D:1: 442 daAuts
     D:4: 30 daAuts
